[Event "35th European Club Cup 2019"]
[Site "Ulcinj"]
[Date "2019.11.15"]
[Round "6.14"]
[White "Polzin, Rainer"]
[Black "Fernandez, Daniel Howard"]
[Result "1-0"]
[ECO "B12"]
[WhiteElo "2411"]
[BlackElo "2444"]
[Annotator "NA"]
[PlyCount "67"]
[EventDate "2019.11.10"]
[EventType "team-tourn"]
[EventCountry "MNE"]
[SourceTitle "playchess.com"]
[Source "ChessBase"]
[SourceQuality "1"]
[WhiteTeam "Berlin"]
[BlackTeam "KGSRL Gent"]
[TimeControl "40/5400+30:1800+30"]

1. e4 c6 2. d4 d5 3. e5 Bf5 4. Nd2 e6 5. Nb3 Nd7 6. Nf3 Bg6 7. Be2 Ne7 8. O-O a6 9. Bd2 Nc8 10. a4 c5 11. dxc5 Nxc5 12. Ba5 b6 13. Nxc5 Bxc5 14. Bc3 a5 15. Bb5+ Kf8 16. Nd4 h5 17. Nc6 Qc7 18. Bd4 Ne7 19. Nxe7 Bxe7 20. Qd2 Bf5 21. Rac1 Rd8 22. Qe3 Bc5 23. c3 g6 24. b4 Bxd4 25. cxd4 Qe7 26. bxa5 bxa5 27. Rc5 Kg7 28. Rfc1 h4 29. h3 Rh7 30. Rc7 Qb4 31. Qg5 Rf8 32. Qf6+ Kg8 33. Rc8 g5 34. R1c5 1-0

[Event "35th European Club Cup 2019"]
[Site "Ulcinj"]
[Date "2019.11.15"]
[Round "6.15"]
[White "Ris, Robert"]
[Black "Florstedt, Johannes"]
[Result "0-1"]
[ECO "C95"]
[WhiteElo "2454"]
[BlackElo "2352"]
[Annotator "ChessBase"]
[PlyCount "188"]
[EventDate "2019.11.10"]
[EventType "team-tourn"]
[EventCountry "MNE"]
[SourceTitle "playchess.com"]
[Source "ChessBase"]
[SourceQuality "1"]
[WhiteTeam "KGSRL Gent"]
[BlackTeam "Berlin"]
[TimeControl "40/5400+30:1800+30"]

1. e4 e5 2. Nf3 Nc6 3. Bb5 a6 4. Ba4 Nf6 5. O-O Be7 6. Re1 b5 7. Bb3 d6 8. c3 O-O 9. h3 Nb8 10. d4 Nbd7 11. Nbd2 Bb7 12. Bc2 Re8 13. a4 Bf8 14. Bd3 c6 15. Qc2 g6 16. b4 Nb6 17. a5 Nbd7 18. Bb2 Rc8 19. c4 exd4 20. Bxd4 c5 21. bxc5 dxc5 22. Bb2 Bg7 23. e5 Nh5 24. Be4 Bxe4 25. Rxe4 Bh8 26. Nf1 Qc7 27. g4 Ng7 28. Ne3 Ne6 29. Nd5 Qb7 30. Qe2 bxc4 31. Rd1 Nd4 32. Bxd4 cxd4 33. Rexd4 c3 34. Qe4 Nc5 35. Qc2 Qb2 36. R4d2 Na4 37. Re2 Bxe5 38. Rde1 Qxc2 39. Rxc2 Rcd8 40. Nb4 Bd6 41. Rxe8+ Rxe8 42. Nd5 Kg7 43. Kf1 Re4 44. Nb6 Nxb6 45. axb6 Rb4 46. Rxc3 Rxb6 47. Rc8 Rb1+ 48. Kg2 a5 49. Ra8 Ra1 50. Ra6 Bc5 51. Nd2 Bb4 52. Ne4 Re1 53. Kf3 h6 54. h4 Rh1 55. Kg3 Rg1+ 56. Kf4 Rd1 57. g5 hxg5+ 58. hxg5 Rd5 59. Ra8 Be7 60. Ra7 Ba3 61. Ra8 Bc1+ 62. Kg4 Rf5 63. f3 Rf4+ 64. Kg3 Rf5 65. Kg4 Bb2 66. Nd6 Rc5 67. Ra7 Be5 68. Nxf7 Rc4+ 69. Kh3 Rc7 70. Rxa5 Bc3 71. Ra4 Rxf7 72. Kg4 Bd2 73. Rd4 Be3 74. Re4 Bc5 75. f4 Rf5 76. Kf3 Kf7 77. Kg4 Rd5 78. Ra4 Rd1 79. Re4 Rf1 80. Re5 Bd6 81. Re4 Be7 82. Re5 Bd6 83. Re4 Rg1+ 84. Kf3 Ra1 85. Kg4 Rb1 86. Rd4 Ke6 87. Re4+ Kd5 88. Ra4 Rg1+ 89. Kf3 Rf1+ 90. Kg4 Rb1 91. Kg3 Rb4 92. Ra5+ Ke4 93. Ra6 Rd4 94. Kg4 Ke3 0-1

[Event "35th European Club Cup 2019"]
[Site "Ulcinj"]
[Date "2019.11.15"]
[Round "6.15"]
[White "Vedrickas, Tautvydas"]
[Black "Muetsch, Annmarie"]
[Result "1/2-1/2"]
[ECO "E81"]
[WhiteElo "2403"]
[BlackElo "2240"]
[Annotator "NA"]
[PlyCount "120"]
[EventDate "2019.11.10"]
[EventType "team-tourn"]
[EventCountry "MNE"]
[SourceTitle "playchess.com"]
[Source "ChessBase"]
[SourceQuality "1"]
[WhiteTeam "MRU-ROSK Consulting"]
[BlackTeam "Viernheim"]
[TimeControl "40/5400+30:1800+30"]

1. d4 Nf6 2. c4 g6 3. Nc3 Bg7 4. e4 d6 5. f3 O-O 6. Nge2 Nc6 7. Bg5 a6 8. Qd2 Na5 9. Nc1 c5 10. d5 Bd7 11. Be2 b5 12. cxb5 axb5 13. Nxb5 Qb6 14. a4 c4 15. Be3 Qb7 16. O-O Rfb8 17. Bd4 Bxb5 18. axb5 Qxb5 19. Qc3 Nh5 20. Bxg7 Nxg7 21. Rf2 Qb6 22. g3 Ne8 23. Bf1 Nf6 24. Kg2 Nd7 25. h4 h5 26. Ra3 Ne5 27. Rc2 Nb3 28. Rxa8 Rxa8 29. Nxb3 cxb3 30. Rc1 Ra5 31. Be2 Rc5 32. Qe3 Nd7 33. Rxc5 Nxc5 34. g4 hxg4 35. fxg4 Qb4 36. Bf3 Qc4 37. Kg3 Qc2 38. Qd4 Qc1 39. h5 Qg5 40. hxg6 fxg6 41. e5 Qxe5+ 42. Qxe5 dxe5 43. g5 Kf7 44. Bg4 e6 45. dxe6+ Nxe6 46. Be2 Nxg5 47. Bc4+ Kf6 48. Bd5 Kf5 49. Bxb3 Ne4+ 50. Kg2 Kf4 51. Bc2 g5 52. b4 Nc3 53. Bd3 e4 54. Bc4 Ke5 55. b5 Kd6 56. Kf2 Kc5 57. Ke3 g4 58. b6 Kxb6 59. Kd4 g3 60. Bf1 e3 {[%emt 0:01:28] Ke4} 1/2-1/2

[Event "35th European Club Cup 2019"]
[Site "Ulcinj"]
[Date "2019.11.15"]
[Round "6.15"]
[White "Vrbata, Zbynek"]
[Black "Delchev, Aleksander"]
[Result "0-1"]
[ECO "D45"]
[WhiteElo "2353"]
[BlackElo "2561"]
[Annotator "ChessBase"]
[PlyCount "74"]
[EventDate "2019.11.10"]
[EventType "team-tourn"]
[EventCountry "MNE"]
[SourceTitle "playchess.com"]
[Source "ChessBase"]
[SourceQuality "1"]
[WhiteTeam "Unichess"]
[BlackTeam "Asnieres"]
[TimeControl "40/5400+30:1800+30"]

1. d4 d5 2. c4 e6 3. Nc3 c6 4. e3 Nf6 5. Nf3 Nbd7 6. Be2 Bd6 7. O-O O-O 8. c5 Bc7 9. b4 e5 10. dxe5 Nxe5 11. Bb2 Qe7 12. Na4 Nxf3+ 13. Bxf3 Ne4 14. Qd4 f5 15. g3 Bd7 16. a3 Rf6 17. Rad1 Qf7 18. Nc3 Re8 19. Qd3 Rh6 20. Ne2 Ng5 21. Bg2 Qh5 22. h4 Nf3+ 23. Bxf3 Qxf3 24. Nf4 g5 25. Qe2 Qxe2 26. Nxe2 gxh4 27. Kg2 hxg3 28. Nxg3 f4 29. exf4 Bh3+ 30. Kf3 Rh4 31. Ne2 h5 32. Rfe1 Rg4 33. Be5 Bxe5 34. fxe5 Rf8+ 35. Ke3 Re4+ 36. Kd3 Rf3+ 37. Kd2 Rxf2 0-1

[Event "35th European Club Cup 2019"]
[Site "Ulcinj"]
[Date "2019.11.15"]
[Round "6.16"]
[White "Popov, Ivan"]
[Black "Predojevic, Borki"]
[Result "1-0"]
[ECO "C07"]
[WhiteElo "2625"]
[BlackElo "2621"]
[Annotator "ChessBase"]
[PlyCount "63"]
[EventDate "2019.11.10"]
[EventType "team-tourn"]
[EventCountry "MNE"]
[SourceTitle "playchess.com"]
[Source "ChessBase"]
[SourceQuality "1"]
[WhiteTeam "Moscow Chess Team"]
[BlackTeam "Valerenga"]
[TimeControl "40/5400+30:1800+30"]

1. e4 e6 2. d4 d5 3. Nd2 c5 4. exd5 Qxd5 5. Ngf3 cxd4 6. Bc4 Qd6 7. O-O Nf6 8. Nb3 Nc6 9. Nbxd4 Nxd4 10. Nxd4 Be7 11. c3 O-O 12. Re1 Bd7 13. Qf3 Qc7 14. Bd3 Rad8 15. Bg5 Nd5 16. Bxe7 Nxe7 17. Rad1 Ng6 18. g3 Rfe8 19. Bc2 Qb6 20. Re2 e5 21. Bb3 exd4 22. Qxf7+ Kh8 23. Rxe8+ Rxe8 24. Qxd7 Rd8 25. Re1 Rf8 26. Re8 Qf6 27. Rxf8+ Qxf8 28. cxd4 b6 29. Qxa7 Qd8 30. Qf7 Ne7 31. Ba4 Ng8 32. Qe8 1-0

[Event "35th European Club Cup 2019"]
[Site "Ulcinj"]
[Date "2019.11.15"]
[Round "6.16"]
[White "Beikert, Guenther"]
[Black "Brazdzionis, Andrius"]
[Result "1-0"]
[ECO "A13"]
[WhiteElo "2380"]
[BlackElo "2355"]
[Annotator "NA"]
[PlyCount "77"]
[EventDate "2019.11.10"]
[EventType "team-tourn"]
[EventCountry "MNE"]
[SourceTitle "playchess.com"]
[Source "ChessBase"]
[SourceQuality "1"]
[WhiteTeam "Viernheim"]
[BlackTeam "MRU-ROSK Consulting"]
[TimeControl "40/5400+30:1800+30"]

1. c4 e6 2. g3 Nf6 3. Bg2 d5 4. Nf3 dxc4 5. Qa4+ Bd7 6. Qxc4 c5 7. Ne5 Qc8 8. Nxd7 Nbxd7 9. O-O Be7 10. d4 O-O 11. dxc5 Nxc5 12. Nc3 a6 13. e4 b5 14. Qe2 e5 15. f4 Bd6 16. Rd1 Qc7 17. f5 b4 18. Nd5 Nxd5 19. exd5 Qe7 20. Be3 Rac8 21. Rac1 Rc7 22. Rc4 b3 23. axb3 Nxb3 24. Rh4 g6 25. Kh1 Rb8 26. Qxa6 Nd4 27. Bxd4 exd4 28. Rhxd4 Rxb2 29. Re4 Qd8 30. Re2 Rcc2 31. Rxc2 Rxc2 32. Qd3 Qc7 33. Qe3 Kg7 34. f6+ Kxf6 35. Qh6 Qc5 36. Qxh7 Rc1 37. Qh8+ Ke7 38. Qh4+ Kf8 39. Qh6+ 1-0

[Event "35th European Club Cup 2019"]
[Site "Ulcinj"]
[Date "2019.11.15"]
[Round "6.16"]
[White "Rudolf, Henrik"]
[Black "Lemmers, Oscar"]
[Result "1/2-1/2"]
[ECO "B43"]
[WhiteElo "2319"]
[BlackElo "2346"]
[Annotator "NA"]
[PlyCount "80"]
[EventDate "2019.11.10"]
[EventType "team-tourn"]
[EventCountry "MNE"]
[SourceTitle "playchess.com"]
[Source "ChessBase"]
[SourceQuality "1"]
[WhiteTeam "Berlin"]
[BlackTeam "KGSRL Gent"]
[TimeControl "40/5400+30:1800+30"]

1. e4 c5 2. Nf3 e6 3. d4 cxd4 4. Nxd4 a6 5. Nc3 Qc7 6. Be2 b5 7. O-O Bb7 8. Re1 Nc6 9. Nxc6 dxc6 10. e5 Rd8 11. Bd3 c5 12. Qe2 Ne7 13. a4 b4 14. Ne4 Nf5 15. c3 bxc3 16. bxc3 Qc6 17. Bg5 Rd7 18. Rab1 h6 19. Bf6 Be7 20. Bxe7 Kxe7 21. f3 Rhd8 22. Bc4 Qc7 23. Qf2 Qxe5 24. Nxc5 Qxc3 25. Nxd7 Rxd7 26. Qc5+ Kf6 27. Rec1 Qd2 28. Rd1 Qxd1+ 29. Rxd1 Rxd1+ 30. Kf2 Rc1 31. Qb4 Rc2+ 32. Be2 Bd5 33. Ke1 Rc6 34. Bd3 e5 35. Bxf5 Kxf5 36. Qf8 Kg6 37. Qd8 Be6 38. Qd3+ Kf6 39. Qd8+ Kg6 40. Qd3+ Kf6 1/2-1/2

[Event "35th European Club Cup 2019"]
[Site "Ulcinj"]
[Date "2019.11.15"]
[Round "6.16"]
[White "Olivier, Pierre"]
[Black "Bartos, Jan"]
[Result "1/2-1/2"]
[ECO "A05"]
[WhiteElo "2200"]
[BlackElo "2136"]
[Annotator "NA"]
[PlyCount "66"]
[EventDate "2019.11.10"]
[EventType "team-tourn"]
[EventCountry "MNE"]
[SourceTitle "playchess.com"]
[Source "ChessBase"]
[SourceQuality "1"]
[WhiteTeam "Asnieres"]
[BlackTeam "Unichess"]
[TimeControl "40/5400+30:1800+30"]

1. Nf3 Nf6 2. c4 e6 3. e3 b6 4. b3 Bb7 5. Bb2 Be7 6. g3 O-O 7. Bg2 d5 8. O-O c5 9. Qe2 Qc8 10. Rd1 Rd8 11. cxd5 Nxd5 12. Nc3 Nxc3 13. dxc3 Nc6 14. Rxd8+ Qxd8 15. Rd1 Qc7 16. c4 Rd8 17. h4 Rxd1+ 18. Qxd1 Qd8 19. Qxd8+ Nxd8 20. Ne1 Bxg2 21. Kxg2 Nc6 22. Nd3 Bd6 23. Bc3 f5 24. Kf3 Kf7 25. e4 g6 26. e5 Bf8 27. Ke3 Bh6+ 28. f4 Bf8 29. Kf3 h5 30. Ke3 Ke8 31. Ne1 Kd7 32. Nf3 Be7 33. Ne1 Kc7 1/2-1/2

[Event "35th European Club Cup 2019"]
[Site "Ulcinj"]
[Date "2019.11.15"]
[Round "6.17"]
[White "Romanov, Evgeny"]
[Black "Kobalia, Mikhail"]
[Result "1/2-1/2"]
[ECO "D02"]
[WhiteElo "2597"]
[BlackElo "2608"]
[Annotator "ChessBase"]
[PlyCount "67"]
[EventDate "2019.11.10"]
[EventType "team-tourn"]
[EventCountry "MNE"]
[SourceTitle "playchess.com"]
[Source "ChessBase"]
[SourceQuality "1"]
[WhiteTeam "Valerenga"]
[BlackTeam "Moscow Chess Team"]
[TimeControl "40/5400+30:1800+30"]

1. d4 d5 2. Nf3 Nf6 3. c4 c6 4. Qb3 e6 5. g3 Nbd7 6. Bg2 Be7 7. O-O O-O 8. Rd1 b6 9. Nc3 Ba6 10. cxd5 cxd5 11. Bf4 Nh5 12. Be3 Nhf6 13. Bf4 Nh5 14. Be3 Nhf6 15. Ne5 Nxe5 16. dxe5 Nd7 17. Bd4 Nc5 18. Qc2 Rc8 19. Rac1 Qe8 20. h4 h6 21. b4 Ne4 22. Bxe4 dxe4 23. Qb1 Bb7 24. a3 Qc6 25. Be3 Rfd8 26. Nd5 Qe8 27. Nxe7+ Qxe7 28. Rxd8+ Qxd8 29. Rxc8 Qxc8 30. Qc1 Qd7 31. Qd2 Bd5 32. Qc2 Kh7 33. h5 Kg8 34. a4 1/2-1/2

[Event "35th European Club Cup 2019"]
[Site "Ulcinj"]
[Date "2019.11.15"]
[Round "6.17"]
[White "Sakalauskas, Vaidas"]
[Black "Heinemann, Josefine"]
[Result "1-0"]
[ECO "E32"]
[WhiteElo "2319"]
[BlackElo "2339"]
[Annotator "NA"]
[PlyCount "167"]
[EventDate "2019.11.10"]
[EventType "team-tourn"]
[EventCountry "MNE"]
[SourceTitle "playchess.com"]
[Source "ChessBase"]
[SourceQuality "1"]
[WhiteTeam "MRU-ROSK Consulting"]
[BlackTeam "Viernheim"]
[TimeControl "40/5400+30:1800+30"]

1. d4 Nf6 2. c4 e6 3. Nc3 Bb4 4. Qc2 O-O 5. a3 Bxc3+ 6. Qxc3 d6 7. Nf3 b6 8. g3 Bb7 9. Bg2 Nbd7 10. O-O c5 11. b4 Rc8 12. Bb2 cxb4 13. axb4 Bd5 14. Nd2 Bxc4 15. Nxc4 d5 16. Rxa7 Rxc4 17. Qb3 b5 18. Rb7 Nb6 19. Ra1 Qd6 20. Ra6 Rc6 21. Ra5 Nc4 22. Raxb5 Nd7 23. e4 Nd2 24. Qd3 Nxe4 25. Bxe4 dxe4 26. Qxe4 Nf6 27. Qe5 Qxe5 28. dxe5 Ne4 29. Bd4 g5 30. Be3 Kg7 31. Rb8 Rfc8 32. Rxc8 Rxc8 33. Rb7 g4 34. b5 Rc2 35. b6 Nd2 36. Bxd2 Rxd2 37. Rc7 Rd1+ 38. Kg2 Rb1 39. b7 Kg6 40. f4 Rb2+ 41. Kf1 h5 42. Ke1 f6 43. exf6 Kxf6 44. Kd1 Kf5 45. Re7 Kf6 46. Rh7 Kg6 47. Rd7 Kf5 48. Kc1 Rb6 49. Kc2 e5 50. fxe5 Kxe5 51. Kd3 Rb2 52. Rh7 Ke6 53. Kd4 Kd6 54. Ke4 Ke6 55. Kf4 Kf6 56. Rh6+ Kg7 57. Rxh5 Rxb7 58. Kxg4 Kg6 59. Rg5+ Kh6 60. h4 Rb4+ 61. Kh3 Rb3 62. Re5 Kg6 63. h5+ Kh6 64. Kh4 Rb4+ 65. g4 Ra4 66. Re6+ Kh7 67. h6 Ra5 68. Rf6 Rb5 69. g5 Ra5 70. Kh5 Rb5 71. Rf7+ Kg8 72. Rg7+ Kh8 73. Re7 Ra5 74. Kg6 Ra6+ 75. Kf5 Ra5+ 76. Kf6 Ra6+ 77. Re6 Ra8 78. g6 Rb8 79. Re5 Ra8 80. Kg5 Rb8 81. Rf5 Ra8 82. Rf8+ Rxf8 83. g7+ Kh7 84. gxf8=B 1-0

[Event "35th European Club Cup 2019"]
[Site "Ulcinj"]
[Date "2019.11.15"]
[Round "6.17"]
[White "Goormachtigh, Johan"]
[Black "Lundin, Jan"]
[Result "1/2-1/2"]
[ECO "D02"]
[WhiteElo "2180"]
[BlackElo "2300"]
[Annotator "NA"]
[PlyCount "63"]
[EventDate "2019.11.10"]
[EventType "team-tourn"]
[EventCountry "MNE"]
[SourceTitle "playchess.com"]
[Source "ChessBase"]
[SourceQuality "1"]
[WhiteTeam "KGSRL Gent"]
[BlackTeam "Berlin"]
[TimeControl "40/5400+30:1800+30"]

1. d4 d5 2. Nf3 e6 3. c4 c5 4. cxd5 exd5 5. g3 Nc6 6. Bg2 c4 7. O-O Bb4 8. b3 cxb3 9. Qxb3 Nge7 10. Ba3 a5 11. Bxb4 axb4 12. Nbd2 Ra3 13. Qb2 Bg4 14. Ne5 Be6 15. Nd3 Qb6 16. Rfb1 Qxd4 17. Nxb4 Qxb2 18. Rxb2 O-O 19. Nc2 Rc3 20. Nf3 Rc8 21. h3 Nf5 22. Rd1 Rc4 23. e3 Kf8 24. Ncd4 Ncxd4 25. Nxd4 Nxd4 26. Rxd4 Rxd4 27. exd4 Rc1+ 28. Kh2 Rd1 29. Rxb7 Rxd4 30. Rb2 Ra4 31. Rd2 d4 32. a3 1/2-1/2

[Event "35th European Club Cup 2019"]
[Site "Ulcinj"]
[Date "2019.11.15"]
[Round "6.17"]
[White "Lamser, Jan"]
[Black "Kirszenberg, Marc"]
[Result "0-1"]
[ECO "D16"]
[WhiteElo "2134"]
[BlackElo "2137"]
[Annotator "NA"]
[PlyCount "54"]
[EventDate "2019.11.10"]
[EventType "team-tourn"]
[EventCountry "MNE"]
[SourceTitle "playchess.com"]
[Source "ChessBase"]
[SourceQuality "1"]
[WhiteTeam "Unichess"]
[BlackTeam "Asnieres"]
[TimeControl "40/5400+30:1800+30"]

1. d4 d5 2. Nf3 Nf6 3. c4 c6 4. Nc3 dxc4 5. a4 e6 6. e3 c5 7. Bxc4 Nc6 8. O-O cxd4 9. exd4 Be7 10. Qe2 O-O 11. Rd1 Nb4 12. Bf4 b6 13. Re1 Bb7 14. Rad1 Nbd5 15. Bg3 Rc8 16. Ne5 Nxc3 17. bxc3 Bd5 18. Rc1 Bxc4 19. Nxc4 Nd5 20. Qa2 Nxc3 21. Rxc3 Bb4 22. Rec1 Bxc3 23. Rxc3 Qxd4 24. Qc2 Rfd8 25. Kf1 Qd1+ 26. Qxd1 Rxd1+ 27. Ke2 Rd4 0-1

[Event "35th European Club Cup 2019"]
[Site "Ulcinj"]
[Date "2019.11.15"]
[Round "6.18"]
[White "Murzin, Volodar"]
[Black "Kaasen, Tor Fredrik"]
[Result "1/2-1/2"]
[ECO "B90"]
[WhiteElo "2429"]
[BlackElo "2405"]
[Annotator "NA"]
[PlyCount "105"]
[EventDate "2019.11.10"]
[EventType "team-tourn"]
[EventCountry "MNE"]
[SourceTitle "playchess.com"]
[Source "ChessBase"]
[SourceQuality "1"]
[WhiteTeam "Moscow Chess Team"]
[BlackTeam "Valerenga"]
[TimeControl "40/5400+30:1800+30"]

1. e4 c5 2. Nf3 d6 3. d4 cxd4 4. Nxd4 Nf6 5. Nc3 a6 6. h3 e6 7. g4 h6 8. h4 Nc6 9. Rg1 Nd7 10. g5 hxg5 11. hxg5 Nxd4 12. Qxd4 Ne5 13. Be2 b5 14. Be3 Bb7 15. f4 Nc6 16. Qd2 Qa5 17. Bg4 b4 18. Nd1 g6 19. c3 Bg7 20. a3 bxc3 21. Nxc3 Rc8 22. Rd1 Bxc3 23. bxc3 Qxa3 24. Bf3 Na5 25. Qxd6 Qxc3+ 26. Qd2 Rh2 27. Rg2 Rh1+ 28. Kf2 Qxd2+ 29. Bxd2 Rxd1 30. Bxd1 Nc4 31. Be1 Bxe4 32. Rh2 Kd7 33. Rh7 Nd6 34. Bb4 Rc4 35. Bxd6 Kxd6 36. Rxf7 Bf5 37. Ra7 Rxf4+ 38. Kg3 Rf1 39. Rxa6+ Ke5 40. Ra5+ Kd4 41. Ra4+ Kc5 42. Bf3 e5 43. Ra5+ Kd6 44. Ra6+ Kc7 45. Ra7+ Kb6 46. Re7 Rg1+ 47. Kf2 Rxg5 48. Rxe5 Kc7 49. Rd5 Kb6 50. Be2 Rg2+ 51. Kxg2 Be4+ 52. Bf3 Bxd5 53. Bxd5 1/2-1/2

[Event "35th European Club Cup 2019"]
[Site "Ulcinj"]
[Date "2019.11.15"]
[Round "6.18"]
[White "Nogly, Christoph"]
[Black "Vanheirzeele, Daniel"]
[Result "1-0"]
[ECO "E04"]
[WhiteElo "2235"]
[BlackElo "2105"]
[Annotator "NA"]
[PlyCount "103"]
[EventDate "2019.11.10"]
[EventType "team-tourn"]
[EventCountry "MNE"]
[SourceTitle "playchess.com"]
[Source "ChessBase"]
[SourceQuality "1"]
[WhiteTeam "Berlin"]
[BlackTeam "KGSRL Gent"]
[TimeControl "40/5400+30:1800+30"]

1. d4 Nf6 2. c4 e6 3. g3 d5 4. Bg2 dxc4 5. Nf3 Bb4+ 6. Nbd2 c3 7. bxc3 Bxc3 8. Rb1 O-O 9. O-O Nc6 10. Ba3 Re8 11. Qc2 Ba5 12. Nc4 Bb6 13. Rfd1 Bd7 14. e3 Ne7 15. Nfe5 Rb8 16. Rbc1 Ng6 17. Nxb6 cxb6 18. Qc7 Nxe5 19. dxe5 Nd5 20. Qxd8 Rbxd8 21. e4 Ne7 22. Bxe7 Rxe7 23. Rc7 Kf8 24. Rxb7 Ke8 25. Rxa7 Bc6 26. Rxd8+ Kxd8 27. Rxe7 Kxe7 28. Kf1 Bb5+ 29. Ke1 Kd7 30. Kd2 Kc6 31. Kc3 Kc5 32. a3 Be2 33. f4 g6 34. Bh3 h5 35. Bg2 Bb5 36. Bf3 Bc6 37. Bg2 Bb7 38. Bh1 Bc6 39. Bg2 Bb7 40. Bf3 Bc6 41. h4 Bb7 42. Kd3 Kb5 43. Bd1 Bc6 44. Kd4 Bd7 45. Bc2 Bc8 46. Bb3 Bd7 47. f5 Bc8 48. Ke3 Kc5 49. Kf4 Kd4 50. fxg6 fxg6 51. Kg5 Kxe4 52. Kf6 {[%emt 0:01:41] Kd5} 1-0

[Event "35th European Club Cup 2019"]
[Site "Ulcinj"]
[Date "2019.11.15"]
[Round "6.18"]
[White "Martin, Stefan"]
[Black "Setkauskas, Vaidas"]
[Result "0-1"]
[ECO "A52"]
[WhiteElo "2141"]
[BlackElo "2195"]
[Annotator "NA"]
[PlyCount "50"]
[EventDate "2019.11.10"]
[EventType "team-tourn"]
[EventCountry "MNE"]
[SourceTitle "playchess.com"]
[Source "ChessBase"]
[SourceQuality "1"]
[WhiteTeam "Viernheim"]
[BlackTeam "MRU-ROSK Consulting"]
[TimeControl "40/5400+30:1800+30"]

1. d4 Nf6 2. c4 e5 3. dxe5 Ng4 4. Bf4 Bb4+ 5. Nd2 d6 6. a3 dxe5 7. Bg3 Bxd2+ 8. Qxd2 Qxd2+ 9. Kxd2 Nc6 10. f3 Nf6 11. e3 Bf5 12. Kc3 O-O-O 13. Nh3 e4 14. f4 Rd7 15. Nf2 Ng4 16. Nxg4 Bxg4 17. c5 Rhd8 18. Bc4 Na5 19. Bf1 Rd1 20. Bc4 R1d2 21. Bf1 Bd1 22. Rc1 R2d3+ 23. Bxd3 Rxd3+ 24. Kb4 Nc6+ 25. Kc4 Bb3+ {[%emt 0:00:05] Kd4} 0-1

[Event "35th European Club Cup 2019"]
[Site "Ulcinj"]
[Date "2019.11.15"]
[Round "6.18"]
[White "Moingt, Jean-Claude"]
[Black "Vanek, Petr"]
[Result "1/2-1/2"]
[ECO "C01"]
[WhiteElo "2127"]
[BlackElo "2049"]
[Annotator "NA"]
[PlyCount "66"]
[EventDate "2019.11.10"]
[EventType "team-tourn"]
[EventCountry "MNE"]
[SourceTitle "playchess.com"]
[Source "ChessBase"]
[SourceQuality "1"]
[WhiteTeam "Asnieres"]
[BlackTeam "Unichess"]
[TimeControl "40/5400+30:1800+30"]

1. e4 e6 2. d4 d5 3. exd5 exd5 4. Nf3 Nc6 5. Bd3 Bd6 6. Nc3 Nge7 7. Nb5 Nb4 8. Nxd6+ Qxd6 9. Bb5+ Bd7 10. Bxd7+ Qxd7 11. c3 Nbc6 12. O-O O-O 13. Qd3 Ng6 14. Re1 Rfe8 15. Bd2 a6 16. Kf1 h6 17. b3 Rxe1+ 18. Rxe1 Re8 19. Rxe8+ Qxe8 20. Ne1 Qe6 21. Qe2 Qxe2+ 22. Kxe2 Kf8 23. Nd3 b6 24. Bf4 Nxf4+ 25. Nxf4 Ne7 26. h4 g6 27. g4 Ke8 28. h5 g5 29. Nd3 Kd7 30. f4 f6 31. fxg5 fxg5 32. Ne5+ Ke6 33. Kd3 c5 {Ke4 Kxe5+} 1/2-1/2

[Event "35th European Club Cup 2019"]
[Site "Ulcinj"]
[Date "2019.11.15"]
[Round "6.19"]
[White "Bauer, Christian"]
[Black "Pruijssers, Roeland"]
[Result "1-0"]
[ECO "A85"]
[WhiteElo "2624"]
[BlackElo "2557"]
[Annotator "ChessBase"]
[PlyCount "51"]
[EventDate "2019.11.10"]
[EventType "team-tourn"]
[EventCountry "MNE"]
[SourceTitle "playchess.com"]
[Source "ChessBase"]
[SourceQuality "1"]
[WhiteTeam "Zurich SG"]
[BlackTeam "Echiquier Mosan"]
[TimeControl "40/5400+30:1800+30"]

1. d4 f5 2. c4 Nf6 3. Nc3 d6 4. Nf3 g6 5. Bf4 Bg7 6. e3 e6 7. h3 Qe7 8. Be2 Nc6 9. Bh2 Nd8 10. Rc1 Nf7 11. c5 O-O 12. O-O e5 13. Qb3 Be6 14. Qxb7 Rab8 15. cxd6 Nxd6 16. Qxa7 Ra8 17. Qc5 Nd7 18. Qc6 Ra5 19. Qxc7 Rfa8 20. Nxe5 Bxe5 21. Bxe5 Ne8 22. Qc6 Nxe5 23. dxe5 Rc8 24. Qb6 Rxe5 25. Bf3 Nd6 26. Qd4 1-0

[Event "35th European Club Cup 2019"]
[Site "Ulcinj"]
[Date "2019.11.15"]
[Round "6.19"]
[White "Petenyi, Tamas"]
[Black "Antoniewski, Rafal"]
[Result "1/2-1/2"]
[ECO "B00"]
[WhiteElo "2420"]
[BlackElo "2484"]
[Annotator "ChessBase"]
[PlyCount "44"]
[EventDate "2019.11.10"]
[EventType "team-tourn"]
[EventCountry "MNE"]
[SourceTitle "playchess.com"]
[Source "ChessBase"]
[SourceQuality "1"]
[WhiteTeam "Dunajska Streda"]
[BlackTeam "Inbest Dunajov"]
[TimeControl "40/5400+30:1800+30"]

1. e4 Nc6 2. Nf3 d6 3. d4 Nf6 4. Nc3 g6 5. Bb5 a6 6. Bxc6+ bxc6 7. h3 Bg7 8. Be3 Rb8 9. Qc1 h6 10. O-O Be6 11. Re1 Qc8 12. Qd2 Rxb2 13. d5 Bxh3 14. gxh3 Qxh3 15. Nh2 Ng4 16. Nxg4 Qxg4+ 17. Kf1 O-O 18. dxc6 f5 19. Nd5 Qh3+ 20. Kg1 Qg4+ 21. Kf1 Qh3+ 22. Kg1 Qg4+ 1/2-1/2

[Event "35th European Club Cup 2019"]
[Site "Ulcinj"]
[Date "2019.11.15"]
[Round "6.20"]
[White "Burg, Twan"]
[Black "Pelletier, Yannick"]
[Result "1/2-1/2"]
[ECO "E38"]
[WhiteElo "2536"]
[BlackElo "2561"]
[Annotator "ChessBase"]
[PlyCount "130"]
[EventDate "2019.11.10"]
[EventType "team-tourn"]
[EventCountry "MNE"]
[SourceTitle "playchess.com"]
[Source "ChessBase"]
[SourceQuality "1"]
[WhiteTeam "Echiquier Mosan"]
[BlackTeam "Zurich SG"]
[TimeControl "40/5400+30:1800+30"]

1. d4 Nf6 2. c4 e6 3. Nc3 Bb4 4. Qc2 c5 5. dxc5 Na6 6. g3 Nxc5 7. Bg2 O-O 8. Nf3 b6 9. O-O Bb7 10. Nb5 Be4 11. Qd1 Nb7 12. Bf4 a6 13. Nd6 Bxd6 14. Bxd6 Nxd6 15. Qxd6 Qb8 16. Rfd1 Qb7 17. Bf1 Bxf3 18. exf3 Rac8 19. f4 a5 20. b3 h6 21. h3 Rc6 22. Bg2 Rxd6 23. Bxb7 Rxd1+ 24. Rxd1 Rb8 25. Bf3 Kf8 26. g4 g5 27. fxg5 hxg5 28. Kg2 Ke7 29. Kg3 b5 30. Rc1 bxc4 31. Rxc4 Rb4 32. Rc5 a4 33. bxa4 d5 34. Rc7+ Kf8 35. a5 Ra4 36. h4 gxh4+ 37. Kxh4 Rxa5 38. g5 Ne8 39. Rc2 Ra4+ 40. Kh3 Nd6 41. Bh5 Ne4 42. f4 Ra3+ 43. Kh4 Rc3 44. Rb2 Rc1 45. Rb8+ Kg7 46. Rb7 Rh1+ 47. Kg4 Nf2+ 48. Kf3 Rxh5 49. Kxf2 Rh2+ 50. Kg3 Rxa2 51. f5 exf5 52. Rd7 Kg6 53. Rxd5 Kxg5 54. Rd4 Ra3+ 55. Kf2 f4 56. Rd8 Ra2+ 57. Kf3 Ra3+ 58. Kf2 Kf5 59. Rf8 Ra2+ 60. Kf3 Ra3+ 61. Kf2 f6 62. Rf7 Ra2+ 63. Kf3 Ra3+ 64. Kf2 Rd3 65. Rf8 Rd2+ 1/2-1/2

[Event "35th European Club Cup 2019"]
[Site "Ulcinj"]
[Date "2019.11.15"]
[Round "6.20"]
[White "Jurcik, Martin"]
[Black "Bagi, Mate"]
[Result "1/2-1/2"]
[ECO "A31"]
[WhiteElo "2358"]
[BlackElo "2470"]
[Annotator "ChessBase"]
[PlyCount "63"]
[EventDate "2019.11.10"]
[EventType "team-tourn"]
[EventCountry "MNE"]
[SourceTitle "playchess.com"]
[Source "ChessBase"]
[SourceQuality "1"]
[WhiteTeam "Inbest Dunajov"]
[BlackTeam "Dunajska Streda"]
[TimeControl "40/5400+30:1800+30"]

1. Nf3 Nf6 2. c4 c5 3. d4 g6 4. Nc3 cxd4 5. Nxd4 Bg7 6. e4 d6 7. Be2 Nc6 8. Be3 O-O 9. Qd2 Bd7 10. f3 a5 11. O-O Nxd4 12. Bxd4 Bc6 13. Rfc1 Nd7 14. Be3 Nc5 15. b3 e6 16. Rab1 Be5 17. Bg5 f6 18. Be3 f5 19. exf5 Rxf5 20. f4 Bg7 21. Bg4 Rf8 22. Bxc5 dxc5 23. Bxe6+ Kh8 24. Qxd8 Rc8 25. Qxf8+ Rxf8 26. Nd5 Bd4+ 27. Kh1 b5 28. Rf1 b4 29. Rbe1 a4 30. Ne7 Be8 31. bxa4 Bxa4 32. Bd5 1/2-1/2